AA CENTRAL
AMARILLO SOD POODLES @ FRISCO ROUGHRIDERS
06/12/2041
 
TOP OF THE 1ST
Amarillo Sod Poodles batting - Pitching for Frisco RoughRiders : RHP Jim Rose
Pitching: RHP Jim Rose
Batting: RHB Phil MacNamara 0-0: Ball
1-0: Fly out, F9 (Flyball, 9S, EV 86.3 MPH)
Batting: LHB Joe Fisher 0-0: Ball
1-0: Called Strike
1-1: Ground out 4-3 (Groundball, 4, EV 82.5 MPH)
Batting: LHB Jared Gyll 0-0: SOLO HOME RUN (Flyball, 7LD, EV 95.0 MPH), Distance : 366 ft
Batting: RHB Manny Marroquín 0-0: Ball
1-0: Called Strike
1-1: Called Strike
1-2: Strikes out looking
Top of the 1st over - 1 run, 1 hit, 0 errors, 0 left on base; Amarillo 1 - Frisco 0
BOTTOM OF THE 1ST
Frisco RoughRiders batting - Pitching for Amarillo Sod Poodles : RHP Nate Bryant
Pitching: RHP Nate Bryant
Batting: RHB Dave Maxwell 0-0: Called Strike
0-1: Ball
1-1: Swinging Strike
1-2: SINGLE (Line Drive, 78S, EV 102.5 MPH)
Batting: LHB Caspar Ahernfeld 0-0: Ball
1-0: Foul Ball, location: 25F
1-1: Ball
2-1: Ball
3-1: Swinging Strike
3-2: Foul Ball, location: 9LDF
3-2: Foul Ball, location: 2F
3-2: SINGLE (Line Drive, 6D, EV 95.6 MPH)
Dave Maxwell to second
Batting: LHB Jim Unknown 0-0: Foul Ball, location: 2F
0-1: Ball
1-1: DOUBLE (Line Drive, 5D, EV 97.5 MPH)
Dave Maxwell scores
Caspar Ahernfeld to third
Batting: RHB Joel Johnson 0-0: SINGLE (Groundball, 6MD, EV 98.1 MPH)
Caspar Ahernfeld scores
Jim Unknown to third
Batting: RHB António Ramírez 0-0: Ball
1-0: Ball
2-0: Called Strike
2-1: Ground out 5-3 (Groundball, 5, EV 70.0 MPH)
Jim Unknown scores
Joel Johnson to second
Batting: LHB Jim Unknown 0-0: Ball
1-0: Called Strike
1-1: SINGLE (Groundball, 6MD, EV 103.1 MPH)
Joel Johnson to third
Runner from 3rd tries for Home, SAFE, throw by CF to home
Batting: RHB Jim Unknown 0-0: Ground out 6-3 (Groundball, P, EV 90.6 MPH)
Jim Unknown to second
Batting: RHB Jim Unknown 0-0: Called Strike
0-1: Foul Ball, location: 2F
0-2: Ball
1-2: Fly out, F9 (Flyball, 89M, EV 81.9 MPH)
Bottom of the 1st over - 4 runs, 5 hits, 0 errors, 1 left on base; Amarillo 1 - Frisco 4
TOP OF THE 2ND
Amarillo Sod Poodles batting - Pitching for Frisco RoughRiders : RHP Jim Rose
Batting: RHB Greg Jamison 0-0: Ball
1-0: Ball
2-0: SOLO HOME RUN (Flyball, 7LD, EV 106.3 MPH), Distance : 388 ft
Batting: RHB Dave Cantrell 0-0: Ball
1-0: SINGLE (Line Drive, 9LS, EV 96.3 MPH)
Batting: RHB José Elrayes 0-0: Called Strike
0-1: Ball
1-1: Foul Ball, location: 2F
1-2: Fly out, F4 (Popup, 4M, EV 66.3 MPH)
Batting: LHB José Luna 0-0: Swinging Strike
0-1: Called Strike
0-2: Strikes out looking
Batting: RHB António Guerra 0-0: Ball
1-0: Swinging Strike
1-1: Foul Ball, location: 2F
1-2: Foul Ball, location: 5FF
1-2: Foul Ball, location: 5F
1-2: Foul Ball, location: 25FF
1-2: Foul Ball, location: 2F
1-2: Foul Ball, location: 2F
1-2: Foul Ball, location: 2F
1-2: Strikes out swinging
Top of the 2nd over - 1 run, 2 hits, 0 errors, 1 left on base; Amarillo 2 - Frisco 4
BOTTOM OF THE 2ND
Frisco RoughRiders batting - Pitching for Amarillo Sod Poodles : RHP Nate Bryant
Batting: SHB Jim Unknown 0-0: Foul Ball, location: 3F
0-1: Ball
1-1: Fly out, F8 (Flyball, 89D, EV 94.4 MPH)
Batting: RHB Dave Maxwell 0-0: Called Strike
0-1: Swinging Strike
0-2: Ball
1-2: Strikes out swinging
Batting: LHB Caspar Ahernfeld 0-0: Ball
1-0: Ball
2-0: Ball
3-0: Base on Balls
Batting: LHB Jim Unknown 0-0: Ball
Caspar Ahernfeld steals 2nd base
1-0: Ball
2-0: Called Strike
2-1: Called Strike
2-2: Fly out, F9 (Flyball, 9D, EV 100.0 MPH)
Bottom of the 2nd over - 0 runs, 0 hits, 0 errors, 1 left on base; Amarillo 2 - Frisco 4
TOP OF THE 3RD
Amarillo Sod Poodles batting - Pitching for Frisco RoughRiders : RHP Jim Rose
Batting: RHB Phil MacNamara 0-0: Ball
1-0: Ball
2-0: Foul Ball, location: 3F
2-1: Foul Ball, location: 5FF
2-2: Ball
3-2: Foul Ball, location: 23F
3-2: Base on Balls
Batting: LHB Joe Fisher 0-0: Sac Bunt to 13S - play at first, batter OUT! 1-3
Phil MacNamara to second
Batting: LHB Jared Gyll 0-0: Ball
Phil MacNamara is caught stealing 3rd base 2-5
1-0: Ball
2-0: Ground out 6-3 (Groundball, 56D, EV 106.3 MPH)
Top of the 3rd over - 0 runs, 0 hits, 0 errors, 0 left on base; Amarillo 2 - Frisco 4
BOTTOM OF THE 3RD
Frisco RoughRiders batting - Pitching for Amarillo Sod Poodles : RHP Nate Bryant
Batting: RHB Joel Johnson 0-0: Ball
1-0: Called Strike
1-1: Foul Ball, location: 2F
1-2: Strikes out swinging
Batting: RHB António Ramírez 0-0: Called Strike
0-1: Ground out U3 (Groundball, 34, EV 98.1 MPH)
Batting: LHB Jim Unknown 0-0: Ground out U3 (Groundball, 34, EV 98.1 MPH)
Bottom of the 3rd over - 0 runs, 0 hits, 0 errors, 0 left on base; Amarillo 2 - Frisco 4
TOP OF THE 4TH
Amarillo Sod Poodles batting - Pitching for Frisco RoughRiders : RHP Jim Rose
Batting: RHB Manny Marroquín 0-0: Ball
1-0: Ball
2-0: Ball
3-0: Called Strike
3-1: Base on Balls
Batting: RHB Greg Jamison 0-0: Ball
1-0: Ball
2-0: Ball
3-0: Called Strike
3-1: Fly out, F8 (Flyball, 8RXD, EV 101.9 MPH)
Batting: RHB Dave Cantrell 0-0: Ball
1-0: Swinging Strike
1-1: Ball
2-1: Ball
3-1: Base on Balls
Manny Marroquín to second
Batting: RHB José Elrayes 0-0: Ball
1-0: Foul Ball, location: 3SF
1-1: Grounds into double play, 6-4-3 (Groundball, 56, EV 105.6 MPH)
Top of the 4th over - 0 runs, 0 hits, 0 errors, 1 left on base; Amarillo 2 - Frisco 4
BOTTOM OF THE 4TH
Frisco RoughRiders batting - Pitching for Amarillo Sod Poodles : RHP Nate Bryant
Batting: RHB Jim Unknown 0-0: Foul Ball, location: 9LSF
0-1: Called Strike
0-2: Foul Ball, location: 5FF
0-2: Ball
1-2: Ball
2-2: Foul Ball, location: 2F
2-2: Ground out 6-3 (Groundball, 6, EV 101.9 MPH)
Batting: RHB Jim Unknown 0-0: Called Strike
0-1: Ball
1-1: Called Strike
1-2: Ball
2-2: Strikes out swinging
Batting: SHB Jim Unknown 0-0: Called Strike
0-1: Ground out 4-3 (Groundball, 4M, EV 94.4 MPH)
Bottom of the 4th over - 0 runs, 0 hits, 0 errors, 0 left on base; Amarillo 2 - Frisco 4
TOP OF THE 5TH
Amarillo Sod Poodles batting - Pitching for Frisco RoughRiders : RHP Jim Rose
Batting: LHB José Luna 0-0: Ground out 3-1 (Groundball, 34S, EV 89.4 MPH)
Batting: RHB António Guerra 0-0: Foul Ball, location: 23FF
0-1: Swinging Strike
0-2: Ball
1-2: Ball
2-2: Ball
3-2: Strikes out swinging
Batting: RHB Phil MacNamara 0-0: SINGLE (Groundball, P, EV 83.1 MPH) (infield hit)
Batting: LHB Joe Fisher 0-0: Called Strike
0-1: Foul Ball, location: 7LDF
0-2: Ball
Phil MacNamara is caught stealing 2nd base 2-6
Top of the 5th over - 0 runs, 1 hit, 0 errors, 0 left on base; Amarillo 2 - Frisco 4
BOTTOM OF THE 5TH
Frisco RoughRiders batting - Pitching for Amarillo Sod Poodles : RHP Nate Bryant
Batting: RHB Dave Maxwell 0-0: Ball
1-0: Ground out 6-3 (Groundball, 6, EV 103.1 MPH)
Batting: LHB Caspar Ahernfeld 0-0: Swinging Strike
0-1: Called Strike
0-2: Ball
1-2: Strikes out looking
Batting: LHB Jim Unknown 0-0: Ball
1-0: Ball
2-0: Ground out 6-3 (Groundball, 6, EV 103.1 MPH)
Bottom of the 5th over - 0 runs, 0 hits, 0 errors, 0 left on base; Amarillo 2 - Frisco 4
TOP OF THE 6TH
Amarillo Sod Poodles batting - Pitching for Frisco RoughRiders : RHP Jim Rose
Pitching: RHP Jim Unknown
Batting: LHB Joe Fisher 0-0: Foul Ball, location: 25FF
0-1: Foul Ball, location: 2F
0-2: Ground out 4-3 (Groundball, 4, EV 102.5 MPH)
Batting: LHB Jared Gyll 0-0: Hit by Pitch
Batting: RHB Manny Marroquín 0-0: Called Strike
Jared Gyll is caught stealing 2nd base 2-4
0-1: Called Strike
0-2: Ball
1-2: Fly out, F9 (Flyball, 9LM, EV 95.0 MPH)
Top of the 6th over - 0 runs, 0 hits, 0 errors, 0 left on base; Amarillo 2 - Frisco 4
BOTTOM OF THE 6TH
Frisco RoughRiders batting - Pitching for Amarillo Sod Poodles : RHP Nate Bryant
Batting: RHB Joel Johnson 0-0: Foul Ball, location: 25F
0-1: Foul Ball, location: 2F
0-2: Fly out, F8 (Flyball, 8RM, EV 91.9 MPH)
Batting: RHB António Ramírez 0-0: Called Strike
0-1: Ball
1-1: Ground out 4-3 (Groundball, 4, EV 86.9 MPH)
Batting: LHB Jim Unknown 0-0: Called Strike
0-1: Fly out, F2 (Popup, 2LF, EV 98.8 MPH)
Bottom of the 6th over - 0 runs, 0 hits, 0 errors, 0 left on base; Amarillo 2 - Frisco 4
TOP OF THE 7TH
Amarillo Sod Poodles batting - Pitching for Frisco RoughRiders : RHP Jim Unknown
Batting: RHB Greg Jamison 0-0: Ball
1-0: Ball
2-0: Swinging Strike
2-1: Called Strike
2-2: Ball
3-2: Fly out, F5 (Popup, 5SF, EV 88.1 MPH)
Batting: RHB Dave Cantrell 0-0: Called Strike
0-1: Foul Ball, location: 5F
0-2: Ball
1-2: Ball
2-2: Foul Ball, location: 9LMF
2-2: Ball
3-2: Base on Balls
Pinch Hitting: SHB Joe Gibson 0-0: Called Strike
0-1: Ball
Dave Cantrell is caught stealing 2nd base 2-6
1-1: Ball
2-1: Foul Ball, location: 3FF
2-2: Ball
3-2: Base on Balls
Batting: LHB José Luna 0-0: Fly out, F9 (Flyball, 9, EV 93.8 MPH)
Top of the 7th over - 0 runs, 0 hits, 0 errors, 1 left on base; Amarillo 2 - Frisco 4
BOTTOM OF THE 7TH
Frisco RoughRiders batting - Pitching for Amarillo Sod Poodles : RHP Nate Bryant
Now at 1B: Juan Maldonado
Batting: RHB Jim Unknown 0-0: Fly out, F9 (Flyball, 9S, EV 79.4 MPH)
Batting: RHB Jim Unknown 0-0: Ball
1-0: Ball
2-0: Called Strike
2-1: Ground out U3 (Groundball, 34, EV 83.8 MPH)
Batting: SHB Jim Unknown 0-0: Ball
1-0: Ground out 6-3 (Groundball, 6, EV 84.4 MPH)
Bottom of the 7th over - 0 runs, 0 hits, 0 errors, 0 left on base; Amarillo 2 - Frisco 4
TOP OF THE 8TH
Amarillo Sod Poodles batting - Pitching for Frisco RoughRiders : RHP Jim Unknown
Batting: RHB António Guerra 0-0: Foul Ball, location: 2F
0-1: Ball
1-1: Swinging Strike
1-2: Fly out, F7 (Line Drive, 7S, EV 91.9 MPH)
Batting: RHB Phil MacNamara 0-0: Ball
1-0: Ball
2-0: Ground out 6-3 (Groundball, 6, EV 102.5 MPH)
Batting: LHB Joe Fisher 0-0: Ball
1-0: Ball
2-0: Foul Ball, location: 7LSF
2-1: Swinging Strike
2-2: Ball
3-2: SINGLE (Line Drive, 8LS, EV 93.8 MPH)
Batting: LHB Jared Gyll 0-0: Ball
1-0: Ball
2-0: Called Strike
2-1: Fly out, F9 (Flyball, 9, EV 93.8 MPH)
Top of the 8th over - 0 runs, 1 hit, 0 errors, 1 left on base; Amarillo 2 - Frisco 4
BOTTOM OF THE 8TH
Frisco RoughRiders batting - Pitching for Amarillo Sod Poodles : RHP Nate Bryant
Batting: RHB Dave Maxwell 0-0: Ball
1-0: Foul Ball, location: 25F
1-1: Fly out, F8 (Flyball, 8RD, EV 106.9 MPH)
Batting: LHB Caspar Ahernfeld 0-0: Ball
1-0: Ball
2-0: Ball
3-0: Called Strike
3-1: Base on Balls
Batting: LHB Jim Unknown 0-0: Ball
1-0: Swinging Strike
1-1: SINGLE (Groundball, 4MS, EV 68.8 MPH) (infield hit)
Caspar Ahernfeld to second
Pitching: RHP Rodrigo Escobar
Batting: RHB Joel Johnson 0-0: Fielders Choice at 2nd, 1-6 (Groundball, 34S, EV 69.4 MPH)
Caspar Ahernfeld to third
Batting: RHB António Ramírez 0-0: Foul Ball, location: 2F
0-1: Fly out, F9 (Line Drive, 9, EV 92.5 MPH)
Bottom of the 8th over - 0 runs, 1 hit, 0 errors, 2 left on base; Amarillo 2 - Frisco 4
TOP OF THE 9TH
Amarillo Sod Poodles batting - Pitching for Frisco RoughRiders : RHP Jim Unknown
Batting: RHB Manny Marroquín 0-0: Called Strike
0-1: Called Strike
0-2: Strikes out looking
Batting: RHB Greg Jamison 0-0: Ball
1-0: Foul Ball, location: 5F
1-1: Ball
2-1: Swinging Strike
2-2: Foul Ball, location: 2F
2-2: Strikes out looking
Batting: RHB Dave Cantrell 0-0: Called Strike
0-1: Ball
1-1: Ball
2-1: Fly out, F8 (Flyball, 8RD, EV 110.6 MPH)
Top of the 9th over - 0 runs, 0 hits, 0 errors, 0 left on base; Amarillo 2 - Frisco 4
Monday, April 1st , 2024 - OOTP Baseball 24.10 Build 82